 Dungeon Crawl Stone Soup version 0.30-b1-2-g02819fbbbe (webtiles) character file.

Game seed: 10042338605069530056

130 Mesmaeker13 the Grave Robber (level 5, -1/38 HPs)
             Began as a Ghoul Necromancer on June 10, 2023.
             Killed from afar by an orc wizard (5 damage)
             ... with a puff of flame
             ... on level 3 of the Dungeon.
             The game lasted 00:05:03 (2751 turns).

Mesmaeker13 the Grave Robber (Ghoul Necromancer)    Turns: 2751, Time: 00:05:03

Health: -1/38      AC:  3    Str: 12    XL:     5   Next: 14%
Magic:  7/8        EV: 12    Int: 12    God:
Gold:   145        SH:  0    Dex:  9    Spells: 5/9 levels left

rFire   . . .        (no weapon)
rCold   + . .        (no shield)
rNeg    + + +        a - +0 robe
rPois   ∞            g - +0 helmet
rElec   .            (no cloak)
rCorr   .            (no gloves)
SInv    .            (no boots)
Will    .....        (no amulet)
Stlth   ++           f - ring of wizardry
HPRegen 0.00/turn    (no ring)
MPRegen 0.11/turn

%: wizardry (x1)
@: inhibited regen
A: claws 1, cold resistance 1, negative energy resistance 3, inhibited
regeneration, torment resistance 2, devour on kill
a: no special abilities


You were on level 3 of the Dungeon.
You visited 1 branch of the dungeon, and saw 3 of its levels.

You collected 145 gold pieces.

Inventory:

Armour
 a - a +0 robe (worn)
 g - a +0 helmet (worn)
Jewellery
 f - a ring of wizardry (left claw)
Wands
 m - a wand of charming (3)
Scrolls
 d - 2 scrolls of teleportation
 e - a scroll of brand weapon {unknown}
 h - a scroll of vulnerability {unknown}
 i - a scroll of enchant weapon {unknown}
 j - a scroll of enchant armour
Potions
 b - a potion of magic
 c - 2 potions of curing
 k - a potion of berserk rage {unknown}
 l - a potion of degeneration {unknown}
 n - a potion of mutation {unknown}
 p - a potion of lignification {unknown}


   Skills:
 + Level 3.0 Dodging
 - Level 2.1 Stealth
 + Level 2.8 Spellcasting
 + Level 4.8 Necromancy


You had 5 spell levels left.
You knew the following spells:

 Your Spells              Type           Power      Damage    Failure   Level
a - Necrotise             Necr           52%        1d6       1%          1
b - Vampiric Draining     Necr           13%        2d6       4%          3

Your spell library contained the following spells:

 Spells                   Type           Power      Damage    Failure   Level
 Kiss of Death            Conj/Necr      28%        2d7       4%          1
 Animate Dead             Necr           13%        N/A       13%         4
 Dispel Undead            Necr           13%        3d9       13%         4
 Confusing Touch          Hex            1%         N/A       28%         3
 Ozocubu's Armour         Ice            1%         N/A       28%         3
 Agony                    Necr           13%        N/A       34%         5
 Metabolic Englaciation   Hex/Ice        0%         N/A       93%         5
 Simulacrum               Ice/Necr       3%         N/A       99%         6


Dungeon Overview and Level Annotations

Branches:
Dungeon (3/15)

Altars:

Shops:
D:3 [

Annotations:
D:3 1 exclusion, Grinder


Innate Abilities, Weirdness & Mutations

You are immune to poison.
You have sharp fingernails.
Your flesh is cold resistant. (rC+)
You are immune to negative energy. (rN+++)
You do not regenerate when monsters are visible.
You are immune to unholy pain and torment.
You thrive by killing the living.


Message History

Unknown command.
You miss something. The orc barely misses your orc wizard.
You hear some strange, mumbled words.
A magic dart appears from out of thin air!
The magic dart hits you!
Unknown command.
You scratch something but do no damage. Something hits you.
The orc completely misses your orc wizard.
Unknown command.
Okay, then.
You feel better. Something hits you. The orc closely misses your orc wizard.
You barely miss something.
The orc hits your orc wizard with a +0 dagger.
Your orc wizard dies!
Something hits you.
Your Dodging skill increases to level 3!
You have reached level 5!
You feel stronger.
The orc throws a boomerang.
The boomerang hits you.
Things that are here:
a +0 whip; 3 stones Something hits you but does no damage.
Something completely misses you.
The orc throws a boomerang.
The boomerang hits you.
You hear some strange, mumbled words.
Something tries to affect you, but you resist.
An orc wizard appears from thin air!
Reactivating autopickup.
The orc throws a boomerang.
The boomerang barely misses you.
The orc wizard points at you and mumbles some strange words.
The magic dart hits you!
* * * LOW HITPOINT WARNING * * *
The orc throws a boomerang.
The boomerang hits you.
* * * LOW HITPOINT WARNING * * *
The orc throws a boomerang.
The boomerang hits you but does no damage.
There is a stone staircase leading up here.
The orc wizard gestures at you while chanting.
The puff of flame hits you.
You die...

...##.## ##.## .# ....#.# #.#
.# ...##.# #.# 5# ...##.# #.#
.# #..##.## ##.##
##.#...#####...### .
#....⌠.......⌠...#### ..
#..#...#####...#....#### ...
...##.####.##.##@......##....
........##...................
.........####..........#.....
..........###...o............
...........##..............(.
........#....................
.........................[...
......[.####o......#......###
.............#.............#


You could see an orc wizard and an orc.

Vanquished Creatures
  Robin (D:2)
  3 adders
  A worm (D:2)
  3 dart slugs (D:1)
  An orc (D:3)
  2 endoplasms (D:1)
  4 giant cockroaches
  5 goblins
  6 hobgoblins
  4 jackals (D:2)
  4 quokkas
  3 ball pythons
  4 bats (D:1)
  2 frilled lizards
  7 kobolds
  7 rats
57 creatures vanquished.

Vanquished Creatures (collateral kills)
  A ball python (D:1)
  A goblin (D:2)
  A hobgoblin (D:2)
  A bat (D:1)
4 creatures vanquished.

Vanquished Creatures (others)
  An orc wizard (D:3)
  An orc (D:3)
  A hobgoblin (D:2)
3 creatures vanquished.

Grand Total: 64 creatures vanquished

Notes
Turn   | Place    | Note
-------+----------+-------------------------------------------
     0 | D:1      | Mesmaeker13 the Ghoul Necromancer began the quest for the
                  | Orb.
     0 | D:1      | Reached XP level 1. HP: 14/14 MP: 2/2
   193 | D:1      | Reached XP level 2. HP: 12/20 MP: 0/4
   459 | D:1      | Found a faded altar of an unknown god.
   509 | D:1      | Reached XP level 3. HP: 26/26 MP: 3/5
  1308 | D:2      | Learned a level 3 spell: Vampiric Draining
  1365 | D:2      | Reached XP level 4. HP: 33/33 MP: 0/6
  1745 | D:2      | Noticed Robin
  1767 | D:2      | Killed Robin
  2617 | D:3      | Noticed Grinder
  2675 | D:3      | Found Qeiqu's Armour Boutique.
  2731 | D:3      | Reached XP level 5. HP: 23/38 MP: 4/8
  2751 | D:3      | Killed from afar by an orc wizard

Illustrated notes

Levels and vault maps discovered:
D:1:      amcnicky_arrival_abandoned_market, layout_basic,
          hellmonk_ecumenical_altar_arch_garden
D:2:      layout_basic, uniq_robin
D:3:      layout_rooms, overflow_temple_1_default, serial_shops,
          nicolae_shop_tiny_waterfront, minmay_misc_feat_tower, minmay_puff,
          uniq_grinder

Skill      XL: |  1  2  3  4 |
---------------+-------------+-----
Dodging        | 2 3 |  3.0
Spellcasting   | 2 |  2.8
Stealth        | |  2.1
Necromancy     | |  4.8

Action                     |  1- 3 |  4- 6 || total
---------------------------+-------+-------++-------
  Melee: Unarmed           |    72 |    36 ||   108
  Throw: Dart              |       |     8 ||     8
   Cast: Necrotise         |    57 |    51 ||   108
  Evoke: Wand              |       |     5 ||     5
    Use: Scroll            |     2 |     1 ||     3
         Potion            |       |     1 ||     1
 Armour: Robe              |    13 |    11 ||    24
  Dodge: Dodged            |    67 |    25 ||    92
